 Dungeon Crawl Stone Soup version 0.23-a0-642-g3120c2f (webtiles) character file.

427 MisterFreud the Slasher (level 6, -3/39 HPs)
             Began as an Octopode Gladiator on Dec 30, 2018.
             Slain by a bullfrog (7 damage)
             ... on level 8 of the Dungeon.
             The game lasted 00:07:59 (4593 turns).

MisterFreud the Slasher (Octopode Gladiator)        Turns: 4593, Time: 00:08:00

Health: -3/39      AC:  4    Str: 13    XL:     6   Next: 97%
Magic:  15/15      EV: 14    Int: 13    God:
Gold:   240        SH:  0    Dex: 13    Spells: 5/5 levels left

rFire    . . .     SeeInvis .   a - +0 long sword
rCold    . . .     Gourm    .   (no shield)
rNeg     . . .     Faith    .   b - +1 hat
rPois    +         Spirit   .   (no amulet)
rElec    .         Reflect  .   h - +2 ring of protection
rCorr    .         Harm     .   j - ring of magical power
MR       +....                  r - ring of poison resistance
Stlth    ++........             v - ring of protection from magic
HPRegen  0.13/turn              (no ring)
MPRegen  0.14/turn              (no ring)
                                (no ring)
                                (no ring)

@: very slightly contaminated, hasted, very quick
A: almost no armour, stealthy swim, amphibious, 8 rings, constrict 8, camouflage
1, gelatinous body 1
a: no special abilities


You were on level 8 of the Dungeon.
You were not hungry.

You visited 1 branch of the dungeon, and saw 6 of its levels.

You collected 240 gold pieces.

Inventory:

Hand Weapons
 a - a +0 long sword (weapon)
Missiles
 c - 3 throwing nets (quivered)
 i - 15 sling bullets
 l - 34 bolts
 m - 20 arrows
 n - 3 needles of sleeping
 o - 16 poisoned needles
 p - 8 tomahawks
 s - 102 stones
Armour
 b - a +1 hat (worn)
Jewellery
 h - a +2 ring of protection (left tentacle)
 j - a ring of magical power (right tentacle)
 r - a ring of poison resistance (on tentacle)
 v - a ring of protection from magic (on tentacle)
Scrolls
 e - a scroll of fear {unknown}
 g - 3 scrolls of remove curse
Potions
 f - a potion of heal wounds
 k - 2 potions of curing
 u - a potion of berserk rage
 w - a potion of ambrosia {unknown}
 z - 3 potions of lignification
 A - a potion of brilliance {unknown}
 B - a potion of cancellation {unknown}
Comestibles
 d - 5 rations
 t - 6 chunks of flesh


   Skills:
 - Level 2.0 Fighting
 + Level 7.6 Long Blades
 - Level 2.0 Throwing
 - Level 3.0 Dodging


You had 5 spell levels left.
You didn't know any spells.
Your spell library was empty.

Dungeon Overview and Level Annotations

Branches:
Dungeon (5/15)
 Temple: D:4-7

Altars:
Ashenzari
Dithmenos
Kikubaaqudgha
Trog

Annotations:
D:2 1 runed door
D:3 Grinder


Innate Abilities, Weirdness & Mutations

You cannot wear most types of armour.
You are very stealthy in the water. (Stealth+)
You are amphibious.
You can wear up to eight rings at the same time.
You can use your tentacles to constrict eight enemies at once.
Your skin changes colour to match your surroundings (Stealth+).
Your rubbery body absorbs attacks. (AC +1, EV +1)


Message History

Unknown command.
Unknown command.
Unknown command.
Unknown command.
Unknown command.
You feel yourself speed up. The bullfrog closely misses you.
Found a runed flail and 15 gold pieces.
The bullfrog barely misses you.
You see here 15 gold pieces.
Found a scroll labeled VOMEUD SOZEGU.
You see here a scroll labeled VOMEUD SOZEGU.
e - a scroll labeled VOMEUD SOZEGU The bullfrog hits you.
The bullfrog hits you.
* * * LOW HITPOINT WARNING * * *
The bullfrog hits you.
* * * LOW HITPOINT WARNING * * *
The bullfrog hits you but does no damage.
The bullfrog hits you!
You die...

#########
##...#...##
##.........##
#...........#
##...........#
#....@.......#
#####....FF.....##
#......#...#...##
...###.##########
#.# ###.#
#...#####
#..#.....#
#.##.....#


You could see 2 bullfrogs.

Vanquished Creatures
  A scorpion (D:5)
  An orc priest (D:5)
  3 orc wizards
  2 worker ants (D:5)
  Robin (D:2)
  7 adders
  2 oozes
  An adder skeleton (D:5)
  4 worms
  3 dart slugs
  3 leopard geckos
  6 orcs
  9 bats
  3 giant cockroaches (D:2)
  19 goblins
  9 hobgoblins
  11 jackals
  4 kobolds
  3 quokkas
  A ball python (D:3)
  3 frilled lizards
  12 rats
108 creatures vanquished.

Vanquished Creatures (others)
  A human (D:5)
1 creature vanquished.

Grand Total: 109 creatures vanquished

Notes
Turn   | Place    | Note
-------+----------+-------------------------------------------
     0 | D:1      | MisterFreud the Octopode Gladiator began the quest for the
                  | Orb.
     0 | D:1      | Reached XP level 1. HP: 14/14 MP: 1/1
   276 | D:1      | Reached XP level 2. HP: 16/19 MP: 2/2
   437 | D:1      | Reached skill level 4 in Long Blades
   490 | D:1      | Reached XP level 3. HP: 24/24 MP: 3/3
   988 | D:2      | You fall through a shaft for 2 floors!
   988 | D:4      | Found a bloodstained altar of Trog.
   989 | D:4      | Noticed a moth of wrath
  1456 | D:3      | Reached XP level 4. HP: 25/29 MP: 4/4
  1525 | D:3      | Found a faded altar of an unknown god.
  1535 | D:3      | Noticed Grinder
  1674 | D:4      | Reached skill level 5 in Long Blades
  2001 | D:3      | Reached XP level 5. HP: 25/34 MP: 5/5
  2604 | D:2      | Reached skill level 6 in Long Blades
  2635 | D:2      | Noticed Robin
  2676 | D:2      | Killed Robin
  2991 | D:2      | Found a runed door.
  3742 | D:3      | Reached XP level 6. HP: 36/39 MP: 6/6
  4161 | D:5      | Entered Level 5 of the Dungeon
  4331 | D:5      | Found a shadowy altar of Dithmenos.
  4392 | D:5      | Found a shattered altar of Ashenzari.
  4403 | D:5      | Reached skill level 7 in Long Blades
  4522 | D:5      | Found an ancient bone altar of Kikubaaqudgha.
  4525 | D:5      | Noticed a human
  4529 | D:5      | Killed a human
  4553 | D:5      | You fall through a shaft for 3 floors!
  4593 | D:8      | Slain by a bullfrog

Vault maps used:
D:1:      tarquinn_simple_flora_water_f
D:2:      minmay_quadrilaterals, uniq_crazy_yiuf_cottage, uniq_robin
D:3:      chequers_ecumenical_altar_simple_redux, uniq_grinder
D:4:      first_ration, hangedman_decor_diamond_cutter, tgw_trog
D:5:      old_standard_altar, lemuel_doored_altar, overflow_temple_1_default,
          tgw_kikubaaqudgha
D:8:      kennysheep_little_box, uniq_pikel, uniq_psyche

Skill      XL: |  1  2  3  4  5  6 |
---------------+-------------------+-----
Long Blades    | 4 5 6 7 |  7.6
Fighting       | |  2.0
Throwing       | |  2.0
Dodging        | |  3.0

Action                   |  1- 3 |  4- 6 || total
-------------------------+-------+-------++-------
Melee: Long sword        |    50 |   169 ||   219
       Constrict         |    18 |    51 ||    69
       Tentacles         |    13 |    35 ||    48
  Use: Potion            |       |     2 ||     2
       Scroll            |       |     7 ||     7
 Stab: Sleeping          |     3 |     6 ||     9
  Eat: Chunk             |     2 |    10 ||    12
Armor: Skin              |    10 |    27 ||    37
Dodge: Dodged            |    31 |   126 ||   157
       Rpst.: Long sword |    10 |    41 ||    51

Table legend:
 A = Non-vault XP
 B = Vault XP
 C = Vault XP percentage of total XP
 D = Non-vault monster count
 E = Vault monster count
 F = Vault count percentage of total count
                 A         B        C        D         E       F
            +---------+---------+-------+---------+---------+-------
      Total |     561 |      49 |   8.0 |      87 |      21 |  19.4
            +---------+---------+-------+---------+---------+-------
        D:1 |      48 |       0 |   0.0 |      21 |       0 |   0.0
        D:2 |      98 |      40 |  29.0 |      26 |      16 |  38.1
        D:3 |      78 |       0 |   0.0 |      24 |       0 |   0.0
        D:4 |      63 |       9 |  12.5 |       6 |       5 |  45.5
        D:5 |     274 |       0 |   0.0 |      10 |       0 |   0.0
            +---------+---------+-------+---------+---------+-------
